 Dungeon Crawl Stone Soup version 0.31-a0-574-g69dc8cc98e (webtiles) character file.

Game seed: 15563831975364954593

168 kae the Changeling (level 5, 0/39 HPs)
             Began as a Demigod Shapeshifter on Aug 18, 2023.
             Slain by a black bear (6 damage)
             ... on level 4 of the Dungeon.
             The game lasted 00:07:28 (2459 turns).

kae the Changeling (Demigod Shapeshifter)           Turns: 2459, Time: 00:07:29

Health: 0/39       AC:  3    Str: 16    XL:     5   Next: 3%
Magic:  7/7        EV: 12    Int: 10    God:
Gold:   223        SH:  0    Dex: 18    Spells: 4/4 levels left

rFire   . .          .
                       - Unarmed
rCold   + . .        (no shield)
rNeg    . . .        a - +1 animal skin
rPois   .            (helmet currently unavailable)
rElec   .            (cloak currently unavailable)
rCorr   .            (gloves currently unavailable)
SInv    .            (boots currently unavailable)
Will    .....        (no amulet)
Stlth   ++           Z - ring of wizardry
HPRegen 0.26/turn    C - ring of protection from cold
MPRegen 0.10/turn

%: wizardry (x1)
@: beast-form
A: beast (slay +2), high MP 1, forlorn, divine attributes
a: Begin Untransformation


You were on level 4 of the Dungeon.
You were a hulking beast.
You visited 1 branch of the dungeon, and saw 4 of its levels.

You collected 223 gold pieces.


Innate Abilities, Weirdness & Mutations

You are a hulking beast.
Your limbs bulge with bestial killing power. (Slay +2)
You have an increased reservoir of magic. (+10% MP)
You shall have no god before yourself.
Your divine heritage dramatically boosts your attributes as you level up.


   Skills:
 - Level 0.8 Fighting
 - Level 1.7 Dodging
 + Level 3.8 Unarmed Combat
 * Level 4.2 Shapeshifting


You had 4 spell levels left.
You didn't know any spells.
Your spell library was empty.

Inventory:

Missiles
 e - 9 poisoned darts
 g - 4 atropa-tipped darts
 j - 27 stones
 q - 4 boomerangs
Armour
 a - a +1 animal skin (worn)
Magical Staves
 s - a staff of conjuration {!a}
   (You found it on level 4 of the Dungeon)
Jewellery
 C - a ring of protection from cold (right hand)
   (You found it on level 1 of the Dungeon)
 Z - a ring of wizardry (left hand)
   (You found it on level 1 of the Dungeon)
Talismans
 c - a beast talisman (active)
 d - a flux talisman
Scrolls
 l - 2 scrolls of blinking {!r}
 n - a scroll of fear
 o - a scroll of vulnerability {!r!r}
 p - a scroll of fog {unknown}
 r - a scroll of identify {@r1}
 t - a scroll of enchant weapon {unknown}
 v - a scroll of immolation {unknown}
Potions
 b - a potion of lignification {!q}
 f - a potion of ambrosia
 h - 2 potions of heal wounds {@q2}
 i - a potion of curing {@q1}
 k - 2 potions of resistance {unknown}
 m - 2 potions of degeneration {unknown}
 u - a potion of attraction {unknown}

Dungeon Overview and Level Annotations

Branches:
Dungeon (4/15) Zot: 21550  Temple (0/1) D:4

....# ... #.....
...###.###.............
.....§§~ ........
#............ ##..~~§~
....##.####..........
#..~~§~~
....##.##........$..
...§~~>~
#.#........##......
.)#§~~§~
....#.##..........
....~~§~ #...### #.>..h#
.. ....~~§
......######....h# ..#.
......
.......#..#......#....#
...#.
....................##
..........##..........#
.......>>.###..#.#......
..........##...####.....
.##............# .!...
...............# ....
....##............. (...


You could see a black bear (berserk).


Message History

Done exploring.
As you read the scroll of identify {@r1}, it crumbles to dust.
i - a potion of curing Your library has no spells.
Unknown command.
Okay, then.
Done exploring.
Okay, then.
You can't go down here!
Done exploring.
There is an open door here.
There is a stone staircase leading down here.
You climb downwards.
Found a scroll labelled HIWKIM YRABUUVUA.
Found a staircase to the Ecumenical Temple.
There is a stone staircase leading up here.
p - a scroll labelled HIWKIM YRABUUVUA An adder comes into view.
The adder hisses angrily.
The adder closely misses you.
You punch the adder! The adder bites you. 😕 HP[-2]
You take 2 damage, and now have 32/34 hp.
You closely miss the adder. The adder closely misses you.
You punch the adder!
You kill the adder!
You have reached level 5! 😕 HP[+6] MP[+1]
You now have 39 max hp (+5).
You regained 6 hp, and now have 38/39 hp.
Your mp is fully restored (7).
r - a scroll of identify {@r1} 😎 HP[+1]
Your hp is fully restored (39).
Found a stone staircase leading up.
A quokka comes into view.
A quokka is nearby!
The quokka barely misses you.
You hit the quokka. The quokka misses you.
You barely miss the quokka.
The quokka bites you but does no damage.
You miss the quokka. The quokka bites you.
You hit the quokka.
You kill the quokka! 😕 HP[-2]
You take 2 damage, and now have 37/39 hp.
No target in view!
No target in view!
You now have 193 gold pieces (gained 12).
You now have 204 gold pieces (gained 11).
Found a stone staircase leading down. 😎 HP[+2]
Your hp is fully restored (39).
You now have 211 gold pieces (gained 7).
Found a stone staircase leading up.
s - a staff of conjuration {!a}
t - a scroll labelled HARIRUN ATAKK
Found Lirhoa Idyu's Overcharged Wands.
You now have 223 gold pieces (gained 12).
Found an escape hatch in the floor.
Found a stone staircase leading down.
The shop is a mimic!
The shop mimic snickers and vanishes in a puff of smoke!
u - a viscous ruby potion
Found a stone staircase leading down.
There is an escape hatch in the floor here.
v - a scroll labelled YCEURA UJAIKH A black bear comes into view.
A black bear is nearby!
Okay, then.
The black bear growls angrily.
You hit the black bear. The black bear bites you! The black bear claws you.
The black bear claws you but does no damage.
You closely miss the black bear. The black bear bites you.
The black bear claws you.
The black bear barely misses you. 😮 HP[-15]
You take 15 damage, and now have 24/39 hp.
MASSIVE DAMAGE!! (PAUSE)
You hit the black bear but do no damage.
You punch the black bear. The black bear bites you.
* * * LOW HITPOINT WARNING * * *
The black bear claws you but does no damage.
The black bear claws you.
* * * LOW HITPOINT WARNING * * *
😨 HP[-7]
You take 7 damage, and now have 17/39 hp.
You hit the black bear. The black bear bites you.
* * * LOW HITPOINT WARNING * * *
The black bear claws you but does no damage. x2 😨 HP[-4]
You take 4 damage, and now have 13/39 hp.
Unknown command.
You barely miss the black bear. You punch the black bear.
The black bear bites you but does no damage.
The black bear misses you. The black bear closely misses you.
You hit the black bear.
The black bear goes berserk!
You hit the black bear. The black bear bites you!
* * * LOW HITPOINT WARNING * * *
The black bear claws you.
You die...

Skill      XL: |  1  2  3  4 |
---------------+-------------+-----
Shapeshifting  | 3 4 |  4.2
Unarmed Combat | 3 |  3.8
Fighting       | |  0.8
Dodging        | |  1.7

Action                     |  1- 3 |  4- 6 || total
---------------------------+-------+-------++-------
  Melee: Unarmed           |   168 |    40 ||   208
         Punch             |     3 |     2 ||     5
    Use: Scroll            |     7 |     1 ||     8
   Stab: Sleeping          |     3 |       ||     3
 Armour: Animal skin       |    31 |     7 ||    38
  Dodge: Dodged            |    77 |    16 ||    93

Levels and vault maps discovered:
D:1:      dpeg_arrival_pits, layout_loops_ring, minmay_heptomino_d4
D:2:      layout_rooms, shapermc_ecumenical_altar_venn, minmay_misc_feat_alley
D:3:      layout_basic, lemuel_doored_altar, fountainhead, interstate_on_off,
          kennysheep_generic_room_2
D:4:      layout_cave_pools, minmay_temple_entry_mist,
          nicolae_shop_overcharged_wands

Notes
Turn   | Place    | Note
-------+----------+-------------------------------------------
     0 | D:1      | kae the Demigod Shapeshifter began the quest for the Orb.
     0 | D:1      | Reached XP level 1. HP: 15/15 MP: 3/3
     0 | D:1      | magus.rc [v1.11.3]
   148 | D:1      | Reached skill level 3 in Shapeshifting
   151 | D:1      | Reached XP level 2. HP: 16/22 MP: 4/4
   227 | D:1      | Reached skill level 3 in Unarmed Combat
   877 | D:2      | Reached XP level 3. HP: 23/27 MP: 5/5
  1112 | D:2      | magus.rc [v1.11.3]
  1257 | D:2      | Identified the +6 spear "Tipli" {freeze, *Noise Fly rN++
                  | SInv}
  1490 | D:3      | magus.rc [v1.11.3]
  1778 | D:3      | magus.rc [v1.11.3]
  1852 | D:3      | Reached XP level 4. HP: 30/34 MP: 6/6
  2036 | D:3      | Reached skill level 4 in Shapeshifting
  2304 | D:4      | Found a staircase to the Ecumenical Temple.
  2323 | D:4      | Reached XP level 5. HP: 38/39 MP: 7/7
  2399 | D:4      | Found Lirhoa Idyu's Overcharged Wands.
  2448 | D:4      | Noticed a black bear
  2459 | D:4      | HP: 6/39 [black bear (7)]
  2459 | D:4      | Slain by a black bear

Vanquished Creatures
  An orc priest (D:3)
  An orc wizard (D:3)
  4 adders
  3 worms
  A dart slug (D:1)
  2 orcs (D:3)
  4 bats
  7 endoplasms
  4 giant cockroaches
  5 goblins
  4 hobgoblins
  6 jackals
  2 quokkas
  7 ball pythons
  2 frilled lizards
  6 kobolds
  7 rats
66 creatures vanquished.

Table legend:
 A = Non-vault XP
 B = Vault XP
 C = Vault XP percentage of total XP
 D = Non-vault monster count
 E = Vault monster count
 F = Vault count percentage of total count
                 A         B        C        D         E       F
            +---------+---------+-------+---------+---------+-------
      Total |     221 |      19 |   7.9 |      61 |       5 |   7.6
            +---------+---------+-------+---------+---------+-------
        D:1 |      43 |       3 |   6.5 |      24 |       3 |  11.1
        D:2 |      43 |       0 |   0.0 |      15 |       0 |   0.0
        D:3 |     119 |      16 |  11.9 |      20 |       2 |   9.1
        D:4 |      16 |       0 |   0.0 |       2 |       0 |   0.0
            +---------+---------+-------+---------+---------+-------

Skill      XL: |  1  2  3  4 |
---------------+-------------+-----
Shapeshifting  | 3 4 |  4.2
Unarmed Combat | 3 |  3.8
Fighting       | |  0.8
Dodging        | |  1.7

Action                     |  1- 3 |  4- 6 || total
---------------------------+-------+-------++-------
  Melee: Unarmed           |   168 |    40 ||   208
         Punch             |     3 |     2 ||     5
    Use: Scroll            |     7 |     1 ||     8
   Stab: Sleeping          |     3 |       ||     3
 Armour: Animal skin       |    31 |     7 ||    38
  Dodge: Dodged            |    77 |    16 ||    93

Illustrated notes

Table legend:
 A = Kills in this place as a percentage of kills in the entire game.
 B = Kills by you in this place as a percentage of kills by you in the entire game.
 C = Kills by friends in this place as a percentage of kills by friends in the entire game.
 D = Other kills in this place as a percentage of other kills in the entire game.
 E = Experience gained in this place as a percentage of experience gained in the entire game.
 F = Experience gained in this place divided by the number of levels of this place that you have seen.
                   A       B       C       D       E      F
               +-------+-------+-------+-------+-------+----------------------
         Total | 100.0 | 100.0 |   N/A |   N/A | 100.0 |  60.0
       Dungeon | 100.0 | 100.0 |   N/A |   N/A | 100.0 |  60.0
               +-------+-------+-------+-------+-------+----------------------

Table legend: (Time is in decaauts)
 A = Elapsed time spent in this place.
 B = Non-inter-level travel time spent in this place.
 C = Inter-level travel time spent in this place.
 D = Time resting spent in this place.
 E = Time spent auto-exploring this place.
 F = Levels seen in this place.
 G = Mean time per level.
                   A        B        C        D        E       F      G
               +--------+--------+--------+--------+--------+-----+--------+
         Total |   2448 |   2388 |     60 |    149 |   1754 |   4 |  612.0 |
       Dungeon |   2448 |   2388 |     60 |    149 |   1754 |   4 |  612.0 |
               +--------+--------+--------+--------+--------+-----+--------+

Top non-repeatable levels by time:
     D:3: 893 daAuts
     D:1: 863 daAuts
     D:2: 538 daAuts
     D:4: 153 daAuts
